 Dungeon Crawl Stone Soup version 0.28.0-49-g6dfe1f597d (webtiles) character file.

Game seed: 8799568997895402779

247 Zeld the Skirmisher (level 5, -1/48 HPs)
             Began as a Minotaur Berserker on May 15, 2022.
             Was a Priest of Trog.
             Hit by a boomerang thrown by an orc (3 damage)
             ... on level 3 of the Dungeon.
             The game lasted 00:01:52 (2282 turns).

Zeld the Skirmisher (Minotaur Berserker)            Turns: 2282, Time: 00:01:53

Health: -1/48      AC:  2    Str: 24    XL:     5   Next: 85%
Magic:  4/4        EV: 12    Int:  4    God:    Trog [***...]
Gold:   85         SH:  0    Dex:  9    Spells: 4/4 levels left

rFire   . . .      SeeInvis .   a - +0 hand axe
rCold   . . .      Faith    .   (no shield)
rNeg    . . .      Spirit   .   b - +0 animal skin
rPois   .          Reflect  .   (helmet restricted)
rElec   .          Harm     .   (no cloak)
rCorr   .          Rampage  .   (no gloves)
Will    .....                   (no boots)
Stlth   +.........              (no amulet)
HPRegen 0.16/turn               (no ring)
MPRegen 0.09/turn               (no ring)

@: no status effects
A: horns 2, retaliatory headbutt
a: Renounce Religion, Berserk, Trog's Hand


You were on level 3 of the Dungeon.
You worshipped Trog.
Trog was most pleased with you.
You visited 1 branch of the dungeon, and saw 3 of its levels.

You collected 85 gold pieces.

Inventory:

Hand Weapons
 a - a +0 hand axe (weapon)
Armour
 b - a +0 animal skin (worn)
Scrolls
 c - a scroll of holy word {unknown}
 d - a scroll of immolation {unknown}
 f - a scroll of noise {unknown}
 g - a scroll of acquirement {unknown}
 h - 4 scrolls of identify {unknown}
 j - a scroll of enchant weapon {unknown}
 k - a scroll of teleportation {unknown}
Potions
 e - a potion of heal wounds {unknown}
 i - a potion of flight {unknown}


   Skills:
 * Level 5.4 Fighting
 * Level 5.4 Axes
 + Level 3.7 Armour
 + Level 3.3 Dodging


You had 4 spell levels left.
You didn't know any spells.
Your spell library was empty.

Dungeon Overview and Level Annotations

Branches:
Dungeon (3/15)

Altars:
Fedhas
Gozag
Hepliaklqana
Wu Jian


Innate Abilities, Weirdness & Mutations

You have a pair of horns on your head.
You reflexively headbutt those who attack you in melee.


Message History

The orc priest is severely wounded.
The orc priest hits you with a +0 mace.
You barely miss the orc priest.
The orc priest is severely wounded.
The orc priest begins to cast a cantrip, but forgets the words!
You completely miss the orc priest.
The orc priest is severely wounded.
The orc priest invokes the aid of Beogh against you.
Pain shoots through your body!
You are too injured to fight recklessly!
You closely miss the orc priest.
The orc priest is severely wounded.
The orc priest calls down the wrath of Beogh upon you.
Pain shoots through your body!
* * * LOW HITPOINT WARNING * * *
The orc priest closely misses you.
You slash the orc priest!
You kill the orc priest!
Trog accepts your kill.
Unknown command.
You hit the orc.
The orc is lightly wounded.
The orc hits you with a +0 flail.
* * * LOW HITPOINT WARNING * * *
You hit the orc. You punch the orc, but do no damage.
The orc is moderately wounded.
The orc barely misses you.
Unknown command.
You barely miss the orc. You headbutt the orc, but do no damage.
The orc is moderately wounded.
The orc hits you with a +0 flail.
* * * LOW HITPOINT WARNING * * *
Unknown command.
You barely miss the orc. Your headbutt misses the orc.
The orc is moderately wounded.
The orc completely misses you. You furiously retaliate!
You headbutt the orc, but do no damage.
Unknown command.
The orc throws a boomerang.
The boomerang hits you.
You die...

#.........# #### .........
##... ....... ###..##
..... #_..### ... ###..##
#)# ##... #o# #### #.# #
##@# ## ##..# #.
#######..## ##. #.......##
### #.. #......##
##########.###†.
#....)#####...............
#.........................
#...>.######.#######...#..
#.....# #..# ###...#


You could see an orc.

Vanquished Creatures
  A jelly (D:1)
  A bullfrog skeleton (D:3)
  An orc priest (D:3)
  Terence (D:2)
  An orc wizard (D:3)
  2 adders
  2 worms
  2 dart slugs
  An orc (D:3)
  4 endoplasms
  10 giant cockroaches
  9 hobgoblins
  8 jackals
  3 kobolds (D:1)
  4 quokkas
  7 ball pythons
  5 bats
  7 frilled lizards
  3 goblins
  8 rats
80 creatures vanquished.

Notes
Turn   | Place    | Note
-------+----------+-------------------------------------------
     0 | D:1      | Zeld the Minotaur Berserker began the quest for the Orb.
     0 | D:1      | Reached XP level 1. HP: 19/19 MP: 0/0
     1 | D:1      | Found a runed translucent door.
    90 | D:1      | Reached XP level 2. HP: 27/27 MP: 1/1
   672 | D:1      | Reached XP level 3. HP: 25/34 MP: 2/2
   673 | D:1      | Reached ** piety under Trog
   691 | D:1      | Reached XP level 4. HP: 17/41 MP: 3/3
   903 | D:2      | Identified the +2 leather armour of the Moon Troll {rC+
                  | rN+++ Str-5}
   991 | D:2      | Noticed Terence
  1000 | D:2      | Killed Terence
  1215 | D:2      | Found a blossoming altar of Fedhas.
  1562 | D:2      | Found a faded altar of an unknown god.
  1833 | D:3      | Reached skill level 5 in Fighting
  1842 | D:3      | Reached skill level 5 in Axes
  1842 | D:3      | Reached XP level 5. HP: 44/48 MP: 4/4
  1868 | D:3      | Reached *** piety under Trog
  2082 | D:3      | Found a hazy altar of Hepliaklqana.
  2082 | D:3      | Found a faded altar of an unknown god.
  2090 | D:3      | Found an opulent altar of Gozag.
  2092 | D:3      | Found an ornate altar of the Wu Jian Council.
  2094 | D:3      | Found a blossoming altar of Fedhas.
  2279 | D:3      | HP: 1/48 [orc/+0 flail (4)]
  2282 | D:3      | Hit by a boomerang thrown by an orc

Illustrated notes

Levels and vault maps discovered:
D:1:      dpeg_arrival_caged_fury, layout_basic, minmay_pentomino_w2
D:2:      layout_rooms, serial_corexii_hall, corexii_hall_statues_l,
          corexii_hall_statues_l, shapermc_ecumenical_altar_petra, basic_altar,
          uniq_terence
D:3:      layout_rooms, chequers_temple_overflow_minitemple,
          gammafunk_temple_overflow_elements

Skill      XL: |  1  2  3  4 |
---------------+-------------+-----
Axes           | 4 5 |  5.4
Fighting       | 4 5 |  5.4
Armour         | 3 |  3.7
Dodging        | 3 |  3.3

Action                   |  1- 3 |  4- 6 || total
-------------------------+-------+-------++-------
Melee: Hand axe          |    56 |   105 ||   161
       Headbutt          |     4 |    13 ||    17
       Punch             |     1 |     2 ||     3
Invok: Berserk           |       |     1 ||     1
Armor: Animal skin       |    18 |    11 ||    29
Dodge: Dodged            |    38 |    74 ||   112
